[ AOE2 MATCH · #467433661 ]
UnrankedMagyars vs Persians
[ REPLAY ANALYSIS · EXTRACTED FROM THE RECORDED GAME ]
Feudal
9:09
Castle
26:36
Imperial
—
| APM avg | 48.3 |
| APM peak | 109 |
| eAPM avg | 18.6 |
| Villagers / military | 68 / 90 |
Focus
⚔️ 31.5% · 🌾 68.5%
Scout Cavalry ×44 · Knight ×39 · Spearman ×6 · Monk ×1
Feudal
9:32
Castle
24:53
Imperial
—
| APM avg | 73.5 |
| APM peak | 99 |
| eAPM avg | 31.0 |
| Villagers / military | 71 / 66 |
Focus
⚔️ 33.2% · 🌾 66.8%
Archer ×64 · Spearman ×2
Feudal
8:43
Castle
21:20
Imperial
—
| APM avg | 40.3 |
| APM peak | 98 |
| eAPM avg | 13.8 |
| Villagers / military | 70 / 45 |
Focus
⚔️ 32.0% · 🌾 68.0%
Knight ×31 · Scout Cavalry ×13 · Spearman ×1
Feudal
9:30
Castle
26:19
Imperial
—
| APM avg | 52.1 |
| APM peak | 118 |
| eAPM avg | 24.2 |
| Villagers / military | 65 / 47 |
Focus
⚔️ 60.6% · 🌾 39.4%
Scout Cavalry ×33 · Knight ×14
Feudal
10:13
Castle
—
Imperial
—
| APM avg | 46.1 |
| APM peak | 125 |
| eAPM avg | 16.7 |
| Villagers / military | 48 / 50 |
Focus
⚔️ 38.6% · 🌾 61.4%
Archer ×42 · Militia ×6 · Spearman ×2
Feudal
9:30
Castle
—
Imperial
—
| APM avg | 45.5 |
| APM peak | 105 |
| eAPM avg | 13.4 |
| Villagers / military | 50 / 22 |
Focus
⚔️ 26.0% · 🌾 74.0%
Scout Cavalry ×14 · Spearman ×8
Feudal
9:26
Castle
25:39
Imperial
—
| APM avg | 58.1 |
| APM peak | 102 |
| eAPM avg | 19.8 |
| Villagers / military | 66 / 72 |
Focus
⚔️ 24.9% · 🌾 75.1%
Archer ×71 · Skirmisher ×1
Feudal
9:23
Castle
—
Imperial
—
| APM avg | 34.7 |
| APM peak | 85 |
| eAPM avg | 12.1 |
| Villagers / military | 57 / 41 |
Focus
⚔️ 41.3% · 🌾 58.7%
Archer ×37 · Spearman ×4
Match map
Initial resources + every placement click. Lines = walls · curves = elevation contours. ◆ gold · ⬟ stone · ● berries · ✦ relic · ◌ wall gap
Your base· Open — unwalled flank
[AHOU] Zantorix's base· ✓ Closed at 24:53 · 40t walls · no gate
Matzeking's base· ✓ Closed at 21:20 · 45t walls · 1 gate(s)
Hugo4774's base· Open — unwalled flank
Kickerous's base· Open — unwalled flank
JessePinkman's base· Open — unwalled flank
guarnere44's base· Open — unwalled flank
WalterWhite's base· Open — unwalled flank
Smoothed initial terrain · ◌ = detected wall gap · hover for details
Inputs per minute
— Sac a dos - - [AHOU] Zantorix
Build order — Sac a dos
First 150 of 195 actions detected
| 0:02 | Create | Villager (Male) |
| 0:02 | Create | Villager (Male) |
| 0:02 | Create | Villager (Male) |
| 0:03 | Create | Villager (Male) |
| 0:03 | Create | Villager (Male) |
| 0:04 | Build | House |
| 0:05 | Build | House |
| 1:13 | Create | Villager (Male) |
| 1:13 | Create | Villager (Male) |
| 1:59 | Create | Villager (Male) |
| 1:59 | Create | Villager (Male) |
| 2:11 | Build | Lumber Camp |
| 2:34 | Research | Loom |
| 2:48 | Create | Villager (Male) |
| 2:49 | Create | Villager (Male) |
| 3:06 | Create | Villager (Male) |
| 3:06 | Create | Villager (Male) |
| 3:07 | Create | Villager (Male) |
| 3:07 | Create | Villager (Male) |
| 3:23 | Create | Villager (Male) |
| 3:55 | Create | Villager (Male) |
| 3:55 | Create | Villager (Male) |
| 4:13 | Create | Villager (Male) |
| 4:55 | Create | Villager (Male) |
| 4:56 | Create | Villager (Male) |
| 4:58 | Build | House |
| 5:56 | Create | Villager (Male) |
| 6:14 | Build | Mill |
| 6:58 | Research | Feudal Age |
| 7:22 | Build | House |
| 8:11 | Create | Villager (Male) |
| 8:12 | Create | Villager (Male) |
| 8:20 | Build | Barracks |
| 9:09 | Age | Feudal Age |
| 9:11 | Build | Stable |
| 9:14 | Create | Villager (Male) |
| 9:39 | Research | Double-Bit Axe |
| 9:51 | Build | House |
| 9:56 | Build | House |
| 10:04 | Create | Scout Cavalry |
| 10:04 | Create | Scout Cavalry |
| 10:28 | Create | Villager (Male) |
| 10:28 | Create | Villager (Male) |
| 10:40 | Build | Farm |
| 10:42 | Build | Farm |
| 10:43 | Build | Farm |
| 10:45 | Create | Villager (Male) |
| 10:58 | Create | Scout Cavalry |
| 11:09 | Create | Villager (Male) |
| 11:12 | Create | Scout Cavalry |
| 11:14 | Build | Farm |
| 11:25 | Build | House |
| 11:35 | Create | Villager (Male) |
| 11:50 | Create | Scout Cavalry |
| 11:53 | Build | Farm |
| 11:55 | Create | Villager (Male) |
| 11:57 | Build | Farm |
| 12:10 | Build | Farm |
| 12:15 | Build | House |
| 12:19 | Create | Villager (Male) |
| 12:49 | Create | Scout Cavalry |
| 12:57 | Create | Villager (Male) |
| 12:57 | Create | Villager (Male) |
| 12:58 | Build | Farm |
| 12:59 | Build | Farm |
| 12:59 | Build | Farm |
| 12:59 | Build | Farm |
| 12:59 | Build | Farm |
| 13:04 | Build | House |
| 13:15 | Create | Scout Cavalry |
| 13:27 | Create | Villager (Male) |
| 13:34 | Build | Farm |
| 13:39 | Create | Scout Cavalry |
| 13:46 | Build | Farm |
| 13:46 | Build | Farm |
| 13:46 | Build | Farm |
| 13:57 | Create | Scout Cavalry |
| 14:17 | Create | Villager (Male) |
| 14:20 | Build | Farm |
| 14:26 | Create | Scout Cavalry |
| 14:26 | Create | Scout Cavalry |
| 14:29 | Create | Villager (Male) |
| 14:31 | Build | Farm |
| 14:45 | Create | Scout Cavalry |
| 14:46 | Create | Scout Cavalry |
| 15:00 | Build | Stable |
| 15:04 | Create | Villager (Male) |
| 15:06 | Create | Scout Cavalry |
| 15:23 | Create | Scout Cavalry |
| 15:25 | Create | Villager (Male) |
| 15:39 | Create | Scout Cavalry |
| 15:52 | Create | Spearman |
| 15:52 | Create | Spearman |
| 15:55 | Build | Farm |
| 15:57 | Build | Farm |
| 16:01 | Create | Villager (Male) |
| 16:14 | Create | Villager (Male) |
| 16:17 | Build | House |
| 16:21 | Create | Scout Cavalry |
| 16:21 | Create | Scout Cavalry |
| 16:32 | Build | Farm |
| 16:34 | Create | Spearman |
| 16:34 | Create | Spearman |
| 16:45 | Create | Scout Cavalry |
| 16:46 | Create | Scout Cavalry |
| 16:53 | Create | Villager (Male) |
| 16:57 | Build | Farm |
| 17:06 | Build | Farm |
| 17:18 | Create | Villager (Male) |
| 17:30 | Create | Villager (Male) |
| 17:35 | Build | Mining Camp |
| 17:53 | Create | Villager (Male) |
| 17:57 | Research | Horse Collar |
| 18:03 | Build | House |
| 18:12 | Research | Wheelbarrow |
| 18:27 | Create | Scout Cavalry |
| 18:27 | Create | Scout Cavalry |
| 18:27 | Create | Scout Cavalry |
| 18:32 | Build | House |
| 18:36 | Create | Scout Cavalry ×2 |
| 18:37 | Create | Scout Cavalry ×2 |
| 18:46 | Create | Villager (Male) |
| 18:51 | Create | Spearman |
| 19:12 | Create | Villager (Male) |
| 19:19 | Research | Bloodlines |
| 19:26 | Create | Villager (Male) |
| 19:33 | Create | Scout Cavalry |
| 19:53 | Build | Farm |
| 19:53 | Build | Farm |
| 19:53 | Build | Farm |
| 19:53 | Build | Farm |
| 19:56 | Create | Villager (Male) |
| 20:22 | Create | Spearman |
| 20:27 | Create | Villager (Male) |
| 20:34 | Build | House |
| 20:36 | Build | House |
| 21:02 | Create | Villager (Male) |
| 21:05 | Build | Farm |
| 21:31 | Create | Villager (Male) |
| 22:04 | Create | Villager (Male) |
| 22:04 | Create | Villager (Male) |
| 22:23 | Create | Villager (Male) |
| 22:25 | Create | Scout Cavalry ×5 |
| 22:25 | Create | Scout Cavalry ×5 |
| 22:26 | Create | Scout Cavalry ×5 |
| 22:49 | Build | Blacksmith |
| 23:00 | Create | Villager (Male) |
| 23:22 | Build | Lumber Camp |
| 23:25 | Create | Villager (Male) |
| 23:37 | Build | House |
Build order — [AHOU] Zantorix
First 150 of 236 actions detected
| 0:01 | Create | Villager (Male) |
| 0:02 | Create | Villager (Male) |
| 0:04 | Build | House |
| 0:06 | Create | Villager (Male) |
| 0:07 | Research | Loom |
| 0:08 | Build | House |
| 0:30 | Create | Villager (Male) |
| 1:28 | Create | Villager (Male) |
| 1:58 | Build | Lumber Camp |
| 2:13 | Create | Villager (Male) |
| 2:35 | Create | Villager (Male) |
| 2:47 | Create | Villager (Male) |
| 3:28 | Create | Villager (Male) |
| 3:38 | Create | Villager (Male) |
| 4:15 | Create | Villager (Male) |
| 4:38 | Create | Villager (Male) |
| 4:43 | Research | Loom |
| 4:44 | Build | House |
| 4:52 | Create | Villager (Male) |
| 5:13 | Create | Villager (Male) |
| 5:39 | Build | Mill |
| 5:41 | Create | Villager (Male) |
| 5:49 | Build | House |
| 6:16 | Create | Villager (Male) |
| 6:37 | Create | Villager (Male) |
| 7:05 | Create | Villager (Male) |
| 7:16 | Build | Mining Camp |
| 7:22 | Research | Feudal Age |
| 8:11 | Create | Villager (Male) |
| 8:30 | Build | Barracks |
| 9:32 | Age | Feudal Age |
| 9:34 | Build | Archery Range |
| 9:39 | Create | Villager (Male) |
| 9:51 | Create | Villager (Male) |
| 9:56 | Research | Double-Bit Axe |
| 10:07 | Create | Spearman |
| 10:24 | Create | Villager (Male) |
| 10:31 | Create | Archer |
| 10:39 | Build | Archery Range |
| 10:46 | Build | Palisade Wall |
| 10:51 | Build | Palisade Wall |
| 10:53 | Build | Palisade Wall |
| 10:58 | Create | Villager (Male) |
| 11:02 | Build | House |
| 11:13 | Research | Town Watch |
| 11:13 | Create | Villager (Male) |
| 11:17 | Create | Archer |
| 11:25 | Build | House |
| 11:29 | Create | Archer |
| 11:34 | Create | Villager (Male) |
| 11:47 | Create | Villager (Male) |
| 11:50 | Build | House |
| 11:56 | Create | Archer |
| 11:57 | Create | Archer |
| 12:01 | Build | Blacksmith |
| 12:18 | Build | House |
| 12:21 | Build | Palisade Wall |
| 12:23 | Build | Palisade Wall |
| 12:29 | Create | Villager (Male) |
| 12:32 | Create | Villager (Male) |
| 12:59 | Create | Villager (Male) |
| 13:01 | Create | Spearman |
| 13:03 | Create | Archer |
| 13:03 | Create | Archer |
| 13:09 | Research | Fletching |
| 13:17 | Create | Villager (Male) |
| 13:41 | Create | Villager (Male) |
| 13:43 | Build | House |
| 13:47 | Build | Farm |
| 13:57 | Create | Archer |
| 13:57 | Create | Archer |
| 14:24 | Create | Villager (Male) |
| 14:25 | Build | Farm |
| 14:25 | Build | Farm |
| 14:27 | Build | Farm |
| 14:28 | Build | Farm |
| 14:30 | Build | Farm |
| 14:31 | Create | Archer |
| 14:31 | Create | Archer |
| 14:38 | Build | House |
| 14:42 | Build | Farm |
| 14:55 | Create | Archer |
| 14:55 | Create | Archer |
| 15:07 | Build | House |
| 15:09 | Build | Palisade Wall |
| 15:16 | Create | Villager (Male) |
| 15:44 | Create | Archer |
| 15:44 | Create | Archer |
| 15:49 | Create | Villager (Male) |
| 15:52 | Build | House |
| 15:54 | Build | Palisade Wall |
| 16:07 | Create | Villager (Male) |
| 16:08 | Create | Villager (Male) |
| 16:13 | Build | House |
| 16:14 | Build | Palisade Wall |
| 16:36 | Create | Archer |
| 16:36 | Create | Archer |
| 16:47 | Create | Villager (Male) |
| 16:47 | Create | Villager (Male) |
| 16:49 | Build | Farm |
| 16:50 | Build | Farm |
| 17:22 | Create | Archer |
| 17:22 | Create | Archer |
| 17:23 | Create | Villager (Male) |
| 17:25 | Build | Farm |
| 17:27 | Create | Archer |
| 17:27 | Create | Archer |
| 17:48 | Create | Villager (Male) |
| 17:54 | Create | Villager (Male) |
| 17:57 | Build | Lumber Camp |
| 17:58 | Create | Archer |
| 17:58 | Create | Archer |
| 18:04 | Create | Villager (Male) |
| 18:07 | Build | Farm |
| 18:13 | Build | House |
| 18:15 | Build | Palisade Wall |
| 18:25 | Create | Archer |
| 18:25 | Create | Archer |
| 18:27 | Create | Villager (Male) |
| 18:29 | Build | Market |
| 18:33 | Research | Gold Mining |
| 18:34 | Research | Gold Mining |
| 18:54 | Create | Archer |
| 18:54 | Create | Archer |
| 19:05 | Build | Mining Camp |
| 19:10 | Create | Archer |
| 19:11 | Create | Archer |
| 19:12 | Create | Villager (Male) |
| 19:19 | Create | Villager (Male) |
| 19:23 | Build | Farm |
| 19:26 | Build | Farm |
| 19:27 | Build | Farm |
| 19:27 | Build | Farm |
| 19:27 | Build | Farm |
| 19:27 | Build | Farm |
| 19:33 | Build | House |
| 19:35 | Build | Palisade Wall |
| 19:42 | Create | Archer |
| 19:42 | Create | Archer |
| 19:54 | Build | House |
| 20:00 | Build | House |
| 20:02 | Create | Archer |
| 20:02 | Create | Archer |
| 20:14 | Create | Villager (Male) |
| 21:23 | Create | Villager (Male) |
| 21:24 | Create | Villager (Male) |
| 21:31 | Build | Farm |
| 21:32 | Build | Farm |
| 21:35 | Build | House |
| 21:38 | Build | House |
Build order — Matzeking
First 150 of 201 actions detected
| 0:01 | Create | Villager (Male) |
| 0:01 | Create | Villager (Male) |
| 0:05 | Build | House |
| 0:07 | Build | House |
| 0:31 | Create | Villager (Male) |
| 0:31 | Create | Villager (Male) |
| 0:32 | Create | Villager (Male) |
| 1:24 | Create | Villager (Male) |
| 1:24 | Create | Villager (Male) |
| 2:05 | Create | Villager (Male) |
| 2:26 | Build | Lumber Camp |
| 2:54 | Create | Villager (Male) |
| 2:55 | Create | Villager (Male) |
| 3:05 | Build | House |
| 3:29 | Create | Villager (Male) |
| 3:54 | Create | Villager (Male) |
| 4:33 | Build | Mill |
| 4:34 | Create | Villager (Male) |
| 4:58 | Create | Villager (Male) |
| 5:19 | Create | Villager (Male) |
| 5:20 | Create | Villager (Male) |
| 6:16 | Research | Loom |
| 6:16 | Research | Feudal Age |
| 6:52 | Build | House |
| 7:29 | Build | Barracks |
| 8:29 | Build | Palisade Wall |
| 8:43 | Age | Feudal Age |
| 8:46 | Build | Stable |
| 8:47 | Create | Villager (Male) |
| 9:15 | Create | Villager (Male) |
| 9:30 | Create | Villager (Male) |
| 9:32 | Create | Spearman |
| 9:35 | Research | Double-Bit Axe |
| 9:45 | Build | House |
| 9:48 | Build | House |
| 9:52 | Build | Farm |
| 9:58 | Create | Villager (Male) |
| 9:59 | Create | Villager (Male) |
| 10:03 | Create | Scout Cavalry |
| 10:29 | Create | Scout Cavalry |
| 10:36 | Build | Farm |
| 10:36 | Build | Farm |
| 10:36 | Build | Farm |
| 10:36 | Build | Farm |
| 10:36 | Build | Farm |
| 10:41 | Build | House |
| 10:43 | Create | Villager (Male) |
| 11:02 | Build | Farm |
| 11:07 | Create | Villager (Male) |
| 11:08 | Create | Scout Cavalry |
| 11:14 | Create | Scout Cavalry |
| 11:17 | Build | Farm |
| 11:25 | Build | Palisade Wall |
| 11:31 | Build | Palisade Wall |
| 11:35 | Create | Villager (Male) |
| 11:40 | Build | Farm |
| 11:53 | Create | Villager (Male) |
| 12:15 | Build | Farm |
| 12:22 | Create | Villager (Male) |
| 12:23 | Create | Scout Cavalry |
| 12:33 | Build | Farm |
| 12:42 | Build | Palisade Wall |
| 12:46 | Create | Villager (Male) |
| 13:00 | Build | Farm |
| 13:05 | Build | Farm |
| 13:06 | Create | Villager (Male) |
| 13:12 | Build | Farm |
| 13:24 | Create | Scout Cavalry |
| 13:29 | Create | Villager (Male) |
| 13:56 | Create | Villager (Male) |
| 13:57 | Create | Scout Cavalry |
| 14:02 | Build | House |
| 14:19 | Create | Villager (Male) |
| 14:22 | Build | Farm |
| 14:25 | Build | Farm |
| 14:25 | Build | Farm |
| 14:34 | Build | Mining Camp |
| 14:35 | Create | Villager (Male) |
| 14:41 | Build | Palisade Wall |
| 14:49 | Create | Scout Cavalry |
| 14:51 | Create | Villager (Male) |
| 15:00 | Build | Palisade Gate |
| 15:06 | Create | Scout Cavalry |
| 15:09 | Build | Farm |
| 15:10 | Build | Farm |
| 15:25 | Create | Villager (Male) |
| 15:46 | Create | Scout Cavalry |
| 15:49 | Create | Villager (Male) |
| 15:54 | Build | Farm |
| 15:58 | Build | Farm |
| 16:06 | Create | Villager (Male) |
| 16:27 | Create | Scout Cavalry |
| 16:52 | Create | Villager (Male) |
| 17:02 | Create | Villager (Male) |
| 17:09 | Build | Blacksmith |
| 17:16 | Create | Villager (Male) |
| 17:33 | Create | Villager (Male) |
| 17:35 | Create | Scout Cavalry |
| 17:39 | Build | House |
| 17:40 | Build | House |
| 18:04 | Build | Farm |
| 18:07 | Build | Farm |
| 18:27 | Build | House |
| 18:28 | Build | House |
| 18:32 | Create | Villager (Male) |
| 18:39 | Build | Palisade Wall |
| 18:54 | Research | Castle Age |
| 18:54 | Research | Castle Age |
| 19:12 | Research | Horse Collar |
| 19:13 | Research | Horse Collar |
| 19:39 | Research | Bloodlines |
| 19:45 | Build | Stable |
| 19:52 | Build | Palisade Wall |
| 19:53 | Build | Palisade Wall |
| 20:19 | Build | Farm |
| 21:12 | Create | Scout Cavalry |
| 21:14 | Research | Scale Barding Armor |
| 21:20 | Age | Castle Age |
| 21:23 | Create | Knight |
| 21:24 | Create | Knight |
| 21:27 | Create | Villager (Male) |
| 21:29 | Create | Knight |
| 21:40 | Create | Villager (Male) |
| 21:43 | Build | Farm |
| 22:01 | Create | Knight |
| 22:09 | Research | Chain Barding Armor |
| 22:09 | Create | Villager (Male) |
| 22:13 | Research | Bow Saw |
| 22:23 | Create | Knight |
| 22:28 | Build | Farm |
| 22:39 | Create | Knight |
| 22:49 | Create | Villager (Male) |
| 22:54 | Create | Villager (Male) |
| 23:01 | Create | Knight |
| 23:11 | Create | Knight |
| 23:14 | Create | Knight |
| 23:27 | Build | Town Center |
| 23:32 | Create | Knight |
| 23:47 | Create | Villager (Male) |
| 24:02 | Build | House |
| 24:13 | Create | Knight |
| 24:13 | Create | Knight |
| 24:15 | Create | Villager (Male) |
| 24:20 | Create | Villager (Male) |
| 24:31 | Create | Villager (Male) |
| 24:40 | Create | Villager (Male) |
| 24:57 | Create | Villager (Male) |
| 25:07 | Create | Villager (Male) |
| 25:10 | Create | Knight |
| 25:10 | Create | Knight |
Build order — Hugo4774
First 150 of 169 actions detected
| 0:08 | Create | Villager (Male) ×4 |
| 0:08 | Create | Villager (Male) ×4 |
| 1:19 | Create | Villager (Male) |
| 1:20 | Create | Villager (Male) |
| 1:58 | Build | Lumber Camp |
| 2:06 | Create | Villager (Male) |
| 2:06 | Create | Villager (Male) |
| 2:34 | Create | Villager (Male) |
| 2:34 | Create | Villager (Male) |
| 3:31 | Create | Villager (Male) |
| 3:47 | Create | Villager (Male) |
| 3:47 | Create | Villager (Male) |
| 4:10 | Create | Villager (Male) |
| 4:40 | Create | Villager (Male) |
| 4:40 | Create | Villager (Male) |
| 5:25 | Create | Villager (Male) |
| 5:34 | Create | Villager (Male) |
| 5:52 | Create | Villager (Male) |
| 6:13 | Build | Mill |
| 6:36 | Research | Loom |
| 6:45 | Research | Loom |
| 6:59 | Create | Villager (Male) |
| 7:00 | Create | Villager (Male) |
| 7:20 | Research | Feudal Age |
| 7:20 | Research | Feudal Age |
| 8:24 | Build | Barracks |
| 8:54 | Create | Villager (Male) |
| 9:30 | Age | Feudal Age |
| 9:34 | Build | Stable |
| 9:37 | Build | Palisade Wall |
| 9:46 | Create | Villager (Male) |
| 9:51 | Research | Double-Bit Axe |
| 10:14 | Create | Villager (Male) |
| 10:17 | Create | Scout Cavalry |
| 10:27 | Create | Scout Cavalry |
| 10:40 | Create | Villager (Male) |
| 10:42 | Build | Farm |
| 10:43 | Build | Farm |
| 10:44 | Build | Farm |
| 10:45 | Create | Scout Cavalry |
| 10:54 | Create | Scout Cavalry |
| 11:08 | Build | Blacksmith |
| 11:20 | Create | Villager (Male) |
| 11:21 | Build | Farm |
| 11:21 | Build | Farm |
| 11:37 | Create | Villager (Male) |
| 11:37 | Create | Scout Cavalry |
| 11:59 | Create | Scout Cavalry |
| 12:20 | Build | Farm |
| 12:22 | Build | Farm |
| 12:26 | Build | Farm |
| 12:29 | Create | Villager (Male) |
| 12:44 | Create | Scout Cavalry |
| 12:46 | Build | Farm |
| 12:46 | Build | Farm |
| 13:14 | Create | Scout Cavalry |
| 13:28 | Build | Farm |
| 13:29 | Build | Farm |
| 13:33 | Create | Scout Cavalry |
| 13:34 | Create | Villager (Male) |
| 13:43 | Create | Villager (Male) |
| 13:49 | Build | Farm |
| 13:52 | Build | Farm |
| 14:08 | Create | Scout Cavalry |
| 14:12 | Build | Farm |
| 14:26 | Create | Villager (Male) |
| 14:42 | Create | Scout Cavalry |
| 14:51 | Create | Villager (Male) |
| 14:53 | Build | Farm |
| 14:55 | Build | Farm |
| 15:04 | Create | Scout Cavalry |
| 15:14 | Build | Farm |
| 15:21 | Create | Villager (Male) |
| 15:36 | Create | Scout Cavalry |
| 15:38 | Create | Villager (Male) |
| 15:51 | Create | Villager (Male) |
| 16:04 | Create | Scout Cavalry |
| 16:29 | Create | Scout Cavalry |
| 16:34 | Create | Scout Cavalry |
| 16:35 | Create | Villager (Male) |
| 16:39 | Create | Villager (Male) |
| 16:41 | Build | Farm |
| 16:43 | Build | Farm |
| 16:56 | Research | Scale Barding Armor |
| 17:05 | Create | Villager (Male) |
| 17:12 | Create | Villager (Male) |
| 17:14 | Build | Farm |
| 17:17 | Build | Farm |
| 17:32 | Create | Scout Cavalry |
| 17:33 | Create | Villager (Male) |
| 17:59 | Create | Villager (Male) |
| 18:03 | Build | Stable |
| 18:05 | Build | Farm |
| 18:06 | Build | Farm |
| 18:15 | Research | Forging |
| 18:17 | Create | Villager (Male) |
| 18:20 | Build | Farm |
| 18:20 | Build | Farm |
| 18:25 | Create | Scout Cavalry |
| 18:40 | Build | Farm |
| 18:52 | Create | Scout Cavalry |
| 18:52 | Create | Scout Cavalry |
| 19:06 | Create | Villager (Male) |
| 19:19 | Create | Scout Cavalry |
| 19:20 | Create | Villager (Male) |
| 19:27 | Build | Lumber Camp |
| 19:47 | Create | Scout Cavalry |
| 19:47 | Create | Scout Cavalry |
| 20:01 | Create | Villager (Male) |
| 20:04 | Research | Wheelbarrow |
| 20:30 | Create | Scout Cavalry |
| 20:30 | Create | Scout Cavalry |
| 20:34 | Build | Farm |
| 20:43 | Build | Mining Camp |
| 20:59 | Create | Scout Cavalry |
| 21:09 | Create | Scout Cavalry |
| 21:09 | Create | Scout Cavalry |
| 21:10 | Create | Villager (Male) |
| 21:23 | Create | Villager (Male) |
| 21:32 | Build | Market |
| 21:45 | Create | Scout Cavalry |
| 22:00 | Create | Scout Cavalry |
| 22:22 | Create | Scout Cavalry |
| 22:44 | Create | Villager (Male) |
| 22:46 | Create | Scout Cavalry |
| 22:46 | Create | Scout Cavalry |
| 23:14 | Create | Villager (Male) |
| 23:39 | Research | Castle Age |
| 23:49 | Build | Farm |
| 23:51 | Build | Farm |
| 24:53 | Build | Stable |
| 25:15 | Build | Farm |
| 26:19 | Age | Castle Age |
| 26:21 | Create | Knight |
| 26:22 | Create | Knight |
| 26:35 | Create | Knight |
| 26:37 | Create | Villager (Male) |
| 26:37 | Create | Villager (Male) |
| 26:38 | Create | Knight |
| 26:42 | Create | Knight |
| 26:42 | Create | Knight |
| 26:57 | Build | Palisade Wall |
| 26:57 | Build | Palisade Wall |
| 26:59 | Build | Palisade Wall |
| 27:02 | Create | Knight |
| 27:03 | Create | Knight |
| 27:05 | Create | Villager (Male) |
| 27:16 | Create | Villager (Male) |
| 27:32 | Create | Knight |
| 27:34 | Build | Farm |
Build order — Kickerous
First 150 of 151 actions detected
| 0:00 | Research | Loom |
| 0:01 | Research | Loom |
| 0:02 | Build | House |
| 0:03 | Build | House |
| 0:36 | Create | Villager (Male) |
| 0:36 | Create | Villager (Male) |
| 0:36 | Create | Villager (Male) |
| 0:37 | Create | Villager (Male) |
| 1:53 | Create | Villager (Male) |
| 1:53 | Create | Villager (Male) |
| 1:56 | Build | Lumber Camp |
| 2:15 | Create | Villager (Male) |
| 2:15 | Create | Villager (Male) |
| 3:05 | Create | Villager (Male) |
| 3:31 | Create | Villager (Male) |
| 3:55 | Create | Villager (Male) |
| 3:55 | Create | Villager (Male) |
| 3:55 | Create | Villager (Male) |
| 4:01 | Build | House |
| 4:49 | Build | Palisade Wall |
| 4:53 | Build | House |
| 4:59 | Create | Villager (Male) |
| 4:59 | Create | Villager (Male) |
| 5:00 | Create | Villager (Male) |
| 5:22 | Create | Villager (Male) |
| 5:23 | Create | Villager (Male) |
| 5:35 | Build | Mill |
| 6:08 | Create | Villager (Male) |
| 6:09 | Create | Villager (Male) |
| 6:51 | Build | Barracks |
| 6:58 | Create | Villager (Male) |
| 7:25 | Build | House |
| 7:32 | Create | Villager (Male) |
| 8:03 | Research | Feudal Age |
| 8:05 | Build | Mining Camp |
| 8:12 | Create | Militia |
| 8:12 | Create | Militia |
| 8:32 | Create | Militia |
| 8:32 | Create | Militia |
| 9:05 | Create | Militia |
| 9:05 | Create | Militia |
| 9:23 | Build | Palisade Wall |
| 9:25 | Build | Palisade Wall |
| 9:27 | Build | Palisade Wall |
| 10:13 | Age | Feudal Age |
| 10:18 | Research | Man-at-Arms (upgrade) |
| 10:18 | Research | Man-at-Arms (upgrade) |
| 10:43 | Build | Archery Range |
| 10:47 | Create | Villager (Male) |
| 10:48 | Create | Villager (Male) |
| 10:54 | Build | Farm |
| 11:07 | Create | Villager (Male) |
| 11:28 | Create | Villager (Male) |
| 11:31 | Build | Archery Range |
| 11:40 | Create | Archer |
| 11:42 | Create | Villager (Male) |
| 11:57 | Build | Blacksmith |
| 12:23 | Create | Archer |
| 12:23 | Create | Archer |
| 12:35 | Build | House |
| 12:35 | Build | House |
| 12:39 | Create | Villager (Male) |
| 12:54 | Create | Archer |
| 12:54 | Create | Archer |
| 13:16 | Create | Villager (Male) |
| 13:17 | Create | Villager (Male) |
| 13:19 | Create | Archer |
| 13:20 | Create | Archer |
| 13:23 | Build | House |
| 13:25 | Build | House |
| 13:29 | Build | Palisade Wall |
| 13:29 | Build | Palisade Wall |
| 13:34 | Build | Farm |
| 13:35 | Build | Farm |
| 13:37 | Build | Farm |
| 13:38 | Create | Villager (Male) |
| 13:40 | Create | Archer |
| 13:40 | Create | Archer |
| 13:49 | Research | Fletching |
| 13:49 | Research | Fletching |
| 13:59 | Create | Villager (Male) |
| 14:09 | Create | Archer |
| 14:09 | Create | Archer |
| 14:16 | Create | Villager (Male) |
| 14:18 | Build | Farm |
| 14:36 | Create | Archer |
| 14:52 | Create | Archer |
| 14:53 | Create | Archer |
| 15:02 | Create | Villager (Male) |
| 15:04 | Build | Farm |
| 15:08 | Build | House |
| 15:09 | Build | Palisade Wall |
| 15:17 | Build | House |
| 15:24 | Build | Palisade Wall |
| 15:44 | Create | Archer |
| 15:44 | Create | Archer |
| 15:46 | Create | Villager (Male) |
| 15:46 | Create | Villager (Male) |
| 15:59 | Create | Archer |
| 16:07 | Build | House |
| 16:09 | Build | House |
| 16:16 | Build | House |
| 16:34 | Create | Archer |
| 16:38 | Create | Villager (Male) |
| 16:49 | Research | Padded Archer Armor |
| 17:17 | Create | Archer |
| 17:17 | Create | Archer |
| 17:17 | Create | Archer |
| 17:22 | Create | Archer |
| 17:34 | Create | Archer |
| 17:34 | Create | Archer |
| 17:38 | Build | Archery Range |
| 17:42 | Create | Villager (Male) |
| 17:43 | Create | Villager (Male) |
| 17:53 | Build | Farm |
| 17:55 | Create | Archer |
| 17:55 | Create | Archer |
| 18:07 | Build | Palisade Wall |
| 18:08 | Build | Palisade Wall |
| 18:18 | Create | Archer |
| 18:19 | Create | Archer |
| 18:26 | Create | Villager (Male) |
| 18:41 | Build | Lumber Camp |
| 18:42 | Create | Archer |
| 18:43 | Create | Archer |
| 18:46 | Create | Villager (Male) |
| 18:49 | Create | Archer |
| 18:50 | Create | Archer |
| 18:59 | Create | Archer |
| 19:00 | Create | Archer |
| 19:02 | Create | Villager (Male) |
| 19:03 | Create | Villager (Male) |
| 19:04 | Create | Spearman |
| 19:04 | Create | Spearman |
| 19:18 | Create | Archer |
| 19:25 | Create | Villager (Male) |
| 19:25 | Create | Villager (Male) |
| 19:37 | Build | House |
| 19:41 | Build | Farm |
| 19:43 | Create | Villager (Male) |
| 19:45 | Create | Archer |
| 19:45 | Create | Archer |
| 20:13 | Create | Archer |
| 20:13 | Create | Archer |
| 20:18 | Create | Archer |
| 20:19 | Create | Archer |
| 20:21 | Build | Farm |
| 20:22 | Build | Farm |
| 20:23 | Create | Villager (Male) |
| 20:23 | Create | Villager (Male) |
Build order — JessePinkman
143 actions detected in the replay
| 0:01 | Create | Villager (Male) |
| 0:02 | Create | Villager (Male) |
| 0:02 | Create | Villager (Male) |
| 0:02 | Create | Villager (Male) |
| 0:04 | Build | House |
| 0:05 | Build | House |
| 1:27 | Create | Villager (Male) |
| 1:27 | Create | Villager (Male) |
| 1:45 | Create | Villager (Male) |
| 1:45 | Create | Villager (Male) |
| 2:22 | Create | Villager (Male) |
| 2:22 | Create | Villager (Male) |
| 2:57 | Create | Villager (Male) |
| 2:57 | Create | Villager (Male) |
| 3:12 | Build | House |
| 3:25 | Create | Villager (Male) |
| 3:25 | Create | Villager (Male) |
| 3:53 | Build | Mill |
| 3:57 | Create | Villager (Male) |
| 3:57 | Create | Villager (Male) |
| 4:12 | Create | Villager (Male) |
| 4:12 | Create | Villager (Male) |
| 5:14 | Create | Villager (Male) |
| 5:14 | Create | Villager (Male) |
| 5:14 | Create | Villager (Male) |
| 5:14 | Create | Villager (Male) |
| 5:32 | Build | House |
| 6:32 | Research | Loom |
| 6:54 | Build | Lumber Camp |
| 7:20 | Research | Feudal Age |
| 8:38 | Build | Barracks |
| 9:30 | Age | Feudal Age |
| 9:31 | Create | Villager (Male) |
| 9:35 | Build | Stable |
| 9:37 | Create | Spearman |
| 10:04 | Create | Villager (Male) |
| 10:18 | Create | Villager (Male) |
| 10:33 | Build | Farm |
| 10:34 | Build | Farm |
| 10:36 | Research | Double-Bit Axe |
| 10:36 | Research | Double-Bit Axe |
| 10:38 | Create | Scout Cavalry |
| 10:38 | Create | Scout Cavalry |
| 10:39 | Create | Scout Cavalry |
| 10:53 | Create | Villager (Male) |
| 10:58 | Build | House |
| 11:02 | Research | Town Watch |
| 11:11 | Build | House |
| 11:18 | Build | Lumber Camp |
| 11:31 | Create | Villager (Male) |
| 11:42 | Create | Spearman |
| 11:49 | Build | House |
| 11:55 | Build | Palisade Wall |
| 11:56 | Build | Palisade Wall |
| 12:01 | Build | Palisade Wall |
| 12:02 | Create | Villager (Male) |
| 12:05 | Build | Farm |
| 12:06 | Build | Farm |
| 12:19 | Create | Scout Cavalry |
| 12:21 | Build | Farm |
| 12:22 | Create | Villager (Male) |
| 12:35 | Build | Farm |
| 12:50 | Create | Scout Cavalry |
| 12:53 | Create | Villager (Male) |
| 13:02 | Build | Farm |
| 13:10 | Create | Villager (Male) |
| 13:23 | Create | Villager (Male) |
| 13:39 | Create | Villager (Male) |
| 13:55 | Create | Scout Cavalry |
| 13:58 | Build | House |
| 14:02 | Build | House |
| 14:06 | Build | Farm |
| 14:07 | Build | Farm |
| 14:14 | Build | Farm |
| 14:26 | Create | Scout Cavalry |
| 14:27 | Create | Villager (Male) |
| 14:31 | Build | Blacksmith |
| 14:36 | Build | House |
| 14:40 | Build | Palisade Wall |
| 14:45 | Create | Scout Cavalry |
| 14:49 | Build | Palisade Gate |
| 14:52 | Build | Palisade Wall |
| 14:59 | Create | Villager (Male) |
| 15:03 | Build | Farm |
| 15:05 | Build | Farm |
| 15:12 | Create | Villager (Male) |
| 15:24 | Create | Scout Cavalry |
| 15:35 | Build | Farm |
| 15:35 | Build | Farm |
| 15:35 | Build | Farm |
| 15:36 | Build | Farm |
| 15:40 | Create | Villager (Male) |
| 15:55 | Build | Palisade Wall |
| 15:58 | Build | Farm |
| 16:00 | Create | Scout Cavalry |
| 16:00 | Create | Scout Cavalry |
| 16:27 | Create | Villager (Male) |
| 16:28 | Create | Villager (Male) |
| 16:38 | Build | Farm |
| 16:39 | Build | Farm |
| 16:41 | Build | Farm |
| 16:44 | Create | Villager (Male) |
| 16:48 | Create | Scout Cavalry |
| 16:48 | Create | Scout Cavalry |
| 17:05 | Create | Villager (Male) |
| 17:24 | Create | Villager (Male) |
| 17:24 | Create | Villager (Male) |
| 17:34 | Build | Town Center |
| 17:40 | Research | Scale Barding Armor |
| 17:40 | Research | Scale Barding Armor |
| 17:45 | Build | Farm |
| 17:56 | Create | Spearman |
| 18:02 | Create | Villager (Male) |
| 18:05 | Build | House |
| 18:14 | Build | Farm |
| 18:15 | Build | Farm |
| 18:23 | Build | House |
| 18:30 | Build | House |
| 18:47 | Create | Scout Cavalry |
| 19:18 | Build | Farm |
| 19:32 | Create | Villager (Male) |
| 19:33 | Create | Villager (Male) |
| 19:35 | Build | Mining Camp |
| 20:00 | Create | Villager (Male) |
| 20:08 | Build | House |
| 20:09 | Build | House |
| 20:12 | Build | House |
| 20:24 | Build | Farm |
| 20:25 | Create | Villager (Male) |
| 20:26 | Create | Villager (Male) |
| 20:33 | Build | Palisade Wall |
| 20:57 | Research | Fletching |
| 20:57 | Research | Fletching |
| 20:58 | Create | Villager (Male) |
| 21:07 | Build | Palisade Wall |
| 21:17 | Create | Spearman |
| 21:18 | Create | Spearman |
| 21:23 | Build | Farm |
| 21:23 | Build | Farm |
| 21:31 | Create | Spearman |
| 21:32 | Create | Spearman |
| 21:32 | Create | Spearman |
| 21:41 | Build | House |
Build order — guarnere44
First 150 of 222 actions detected
| 0:02 | Create | Villager (Male) |
| 0:02 | Create | Villager (Male) |
| 0:02 | Create | Villager (Male) |
| 0:04 | Build | House |
| 0:06 | Build | House |
| 0:29 | Create | Villager (Male) |
| 1:20 | Create | Villager (Male) |
| 1:50 | Build | Lumber Camp |
| 1:53 | Research | Loom |
| 2:04 | Create | Villager (Male) |
| 2:09 | Create | Villager (Male) |
| 2:45 | Create | Villager (Male) |
| 3:14 | Create | Villager (Male) |
| 3:33 | Build | House |
| 3:35 | Build | House |
| 3:38 | Create | Villager (Male) |
| 4:40 | Create | Villager (Male) |
| 4:47 | Create | Villager (Male) |
| 5:00 | Create | Villager (Male) |
| 5:38 | Build | Mill |
| 5:43 | Create | Villager (Male) |
| 6:08 | Create | Villager (Male) |
| 6:36 | Create | Villager (Male) |
| 7:16 | Research | Feudal Age |
| 7:31 | Build | Mining Camp |
| 8:18 | Create | Villager (Male) |
| 8:35 | Build | Barracks |
| 8:48 | Build | House |
| 9:02 | Create | Villager (Male) |
| 9:26 | Age | Feudal Age |
| 9:37 | Build | Archery Range |
| 10:22 | Build | Archery Range |
| 10:31 | Create | Villager (Male) |
| 10:32 | Create | Villager (Male) |
| 10:43 | Create | Archer |
| 10:50 | Build | House |
| 10:52 | Build | Palisade Wall |
| 10:56 | Create | Villager (Male) |
| 11:06 | Create | Archer |
| 11:14 | Build | Palisade Wall |
| 11:16 | Build | Palisade Wall |
| 11:27 | Create | Archer |
| 11:28 | Create | Villager (Male) |
| 11:49 | Create | Villager (Male) |
| 11:53 | Create | Archer |
| 11:53 | Create | Archer |
| 12:01 | Create | Archer |
| 12:22 | Create | Skirmisher |
| 12:27 | Create | Archer |
| 12:28 | Create | Archer |
| 12:43 | Create | Villager (Male) |
| 12:43 | Create | Villager (Male) |
| 12:55 | Create | Archer |
| 12:55 | Create | Archer |
| 13:05 | Create | Villager (Male) |
| 13:14 | Create | Villager (Male) |
| 13:17 | Build | Blacksmith |
| 13:36 | Create | Villager (Male) |
| 13:38 | Build | House |
| 13:42 | Build | House |
| 13:45 | Research | Double-Bit Axe |
| 13:46 | Research | Fletching |
| 13:54 | Create | Archer |
| 13:55 | Create | Archer |
| 13:55 | Create | Archer |
| 13:55 | Create | Archer |
| 14:00 | Build | House |
| 14:03 | Build | Farm |
| 14:25 | Create | Archer |
| 14:27 | Create | Villager (Male) |
| 14:29 | Build | Farm |
| 14:31 | Build | Farm |
| 14:41 | Create | Archer |
| 14:56 | Build | Farm |
| 14:57 | Create | Villager (Male) |
| 15:03 | Create | Archer |
| 15:15 | Create | Archer |
| 15:15 | Create | Archer |
| 15:38 | Create | Villager (Male) |
| 15:41 | Build | Farm |
| 15:44 | Build | Farm |
| 15:49 | Create | Archer |
| 15:49 | Create | Villager (Male) |
| 15:52 | Build | Farm |
| 16:11 | Create | Archer |
| 16:18 | Create | Villager (Male) |
| 16:26 | Build | Palisade Wall |
| 16:30 | Build | Palisade Wall |
| 16:33 | Create | Archer |
| 16:34 | Create | Villager (Male) |
| 16:36 | Build | Farm |
| 16:40 | Build | House |
| 17:01 | Build | House |
| 17:05 | Build | House |
| 17:15 | Create | Villager (Male) |
| 17:21 | Build | Palisade Wall |
| 17:30 | Create | Villager (Male) |
| 17:34 | Build | Farm |
| 17:36 | Build | Farm |
| 17:41 | Create | Villager (Male) |
| 17:47 | Create | Archer |
| 17:48 | Create | Archer |
| 17:48 | Create | Archer |
| 17:55 | Build | House |
| 18:05 | Create | Villager (Male) |
| 18:13 | Build | Farm |
| 18:20 | Create | Archer |
| 18:24 | Build | Farm |
| 18:27 | Build | Farm |
| 18:38 | Create | Archer |
| 18:38 | Create | Archer |
| 18:57 | Research | Padded Archer Armor |
| 19:17 | Create | Villager (Male) |
| 19:22 | Build | Lumber Camp |
| 19:34 | Create | Archer |
| 19:34 | Create | Archer |
| 19:42 | Create | Villager (Male) |
| 19:54 | Build | House |
| 20:00 | Create | Villager (Male) |
| 20:05 | Build | Farm |
| 20:14 | Create | Villager (Male) |
| 20:27 | Create | Archer |
| 20:27 | Create | Archer |
| 20:31 | Build | Farm |
| 20:52 | Create | Archer |
| 20:53 | Create | Archer |
| 20:54 | Create | Villager (Male) |
| 20:57 | Build | Farm |
| 21:27 | Create | Villager (Male) |
| 22:07 | Create | Archer |
| 22:08 | Create | Archer |
| 22:08 | Create | Archer |
| 22:09 | Create | Villager (Male) |
| 22:09 | Create | Villager (Male) |
| 22:20 | Create | Villager (Male) |
| 22:27 | Build | Farm |
| 22:28 | Build | Farm |
| 22:29 | Build | Farm |
| 22:56 | Research | Castle Age |
| 22:59 | Create | Archer |
| 23:00 | Create | Archer |
| 23:07 | Build | Archery Range |
| 23:17 | Build | Palisade Wall |
| 23:31 | Build | Palisade Gate |
| 23:33 | Create | Archer |
| 23:33 | Create | Archer |
| 23:34 | Create | Archer |
| 23:43 | Create | Archer |
| 23:50 | Create | Villager (Male) |
| 23:51 | Create | Villager (Male) |
Build order — WalterWhite
First 150 of 154 actions detected
| 0:02 | Create | Villager (Male) |
| 0:03 | Create | Villager (Male) |
| 0:03 | Create | Villager (Male) |
| 0:05 | Build | House |
| 0:07 | Build | House |
| 0:09 | Create | Villager (Male) |
| 0:09 | Create | Villager (Male) |
| 1:14 | Create | Villager (Male) |
| 1:14 | Create | Villager (Male) |
| 1:50 | Build | Lumber Camp |
| 2:02 | Create | Villager (Male) |
| 2:20 | Create | Villager (Male) |
| 2:20 | Create | Villager (Male) |
| 2:57 | Create | Villager (Male) |
| 2:57 | Create | Villager (Male) |
| 3:15 | Create | Villager (Male) |
| 3:15 | Create | Villager (Male) |
| 3:33 | Create | Villager (Male) |
| 3:48 | Create | Villager (Male) |
| 3:48 | Create | Villager (Male) |
| 3:54 | Build | House |
| 3:55 | Build | House |
| 4:06 | Create | Villager (Male) |
| 4:06 | Create | Villager (Male) |
| 4:35 | Create | Villager (Male) |
| 4:44 | Build | Mill |
| 4:57 | Create | Villager (Male) |
| 4:57 | Create | Villager (Male) |
| 5:22 | Create | Villager (Male) |
| 5:22 | Create | Villager (Male) |
| 6:00 | Create | Villager (Male) |
| 6:44 | Research | Loom |
| 7:13 | Research | Feudal Age |
| 7:32 | Build | Mining Camp |
| 7:47 | Build | Barracks |
| 9:23 | Age | Feudal Age |
| 9:28 | Build | Archery Range |
| 9:30 | Create | Spearman |
| 9:32 | Create | Villager (Male) |
| 9:32 | Create | Villager (Male) |
| 9:33 | Create | Villager (Male) |
| 9:37 | Research | Double-Bit Axe |
| 9:48 | Build | Palisade Wall |
| 10:09 | Build | Blacksmith |
| 10:28 | Create | Archer |
| 10:28 | Create | Archer |
| 10:31 | Create | Spearman |
| 10:33 | Create | Villager (Male) |
| 10:34 | Create | Villager (Male) |
| 10:39 | Build | House |
| 10:41 | Create | Villager (Male) |
| 11:04 | Research | Fletching |
| 11:09 | Build | House |
| 11:10 | Create | Villager (Male) |
| 11:14 | Build | House |
| 11:18 | Create | Archer |
| 11:34 | Create | Villager (Male) |
| 11:46 | Build | House |
| 11:47 | Create | Villager (Male) |
| 12:03 | Build | House |
| 12:05 | Create | Archer |
| 12:06 | Create | Villager (Male) |
| 12:06 | Create | Villager (Male) |
| 12:11 | Build | Archery Range |
| 12:25 | Build | House |
| 12:38 | Create | Archer |
| 12:38 | Create | Archer |
| 13:17 | Build | House |
| 13:26 | Create | Archer |
| 13:26 | Create | Archer |
| 13:26 | Create | Archer |
| 13:28 | Create | Villager (Male) |
| 13:28 | Create | Villager (Male) |
| 13:28 | Create | Villager (Male) |
| 13:43 | Create | Spearman |
| 13:44 | Create | Spearman |
| 13:48 | Build | Palisade Wall |
| 13:54 | Create | Archer |
| 13:54 | Create | Archer |
| 13:57 | Build | House |
| 14:25 | Create | Archer |
| 14:25 | Create | Archer |
| 14:33 | Research | Padded Archer Armor |
| 14:35 | Build | House |
| 14:37 | Build | Palisade Wall |
| 14:42 | Build | Palisade Wall |
| 14:49 | Build | House |
| 14:56 | Create | Archer |
| 14:56 | Create | Archer |
| 14:59 | Create | Villager (Male) |
| 14:59 | Create | Villager (Male) |
| 15:36 | Create | Archer |
| 15:36 | Create | Archer |
| 15:52 | Create | Villager (Male) |
| 15:52 | Create | Villager (Male) |
| 15:53 | Create | Villager (Male) |
| 15:53 | Create | Villager (Male) |
| 15:54 | Build | Farm |
| 16:11 | Create | Villager (Male) |
| 16:11 | Create | Villager (Male) |
| 16:13 | Build | Farm |
| 16:15 | Build | Farm |
| 16:16 | Build | Farm |
| 16:19 | Build | House |
| 16:36 | Create | Archer |
| 16:41 | Build | Farm |
| 16:52 | Build | Palisade Wall |
| 16:57 | Create | Archer |
| 16:57 | Create | Villager (Male) |
| 17:00 | Build | Farm |
| 17:18 | Create | Archer |
| 17:20 | Build | Farm |
| 17:47 | Create | Archer |
| 17:47 | Create | Archer |
| 17:49 | Create | Villager (Male) |
| 17:49 | Create | Villager (Male) |
| 17:49 | Create | Villager (Male) |
| 18:02 | Build | Lumber Camp |
| 18:07 | Create | Archer |
| 18:08 | Create | Archer |
| 18:23 | Build | Farm |
| 18:32 | Build | Farm |
| 18:35 | Build | Farm |
| 18:53 | Create | Villager (Male) |
| 18:55 | Create | Archer |
| 18:56 | Create | Archer |
| 18:56 | Create | Villager (Male) |
| 18:59 | Build | House |
| 19:00 | Build | House |
| 19:11 | Build | Farm |
| 19:13 | Build | Farm |
| 19:18 | Create | Villager (Male) |
| 19:21 | Build | Farm |
| 19:38 | Create | Archer |
| 19:38 | Create | Archer |
| 19:39 | Create | Villager (Male) |
| 19:45 | Build | Palisade Wall |
| 20:00 | Build | Palisade Wall |
| 20:05 | Create | Archer |
| 20:05 | Create | Archer |
| 20:16 | Build | Farm |
| 20:17 | Build | Farm |
| 20:30 | Create | Archer |
| 20:30 | Create | Archer |
| 20:32 | Create | Villager (Male) |
| 20:32 | Create | Villager (Male) |
| 20:36 | Build | Lumber Camp |
| 21:11 | Build | Market |
| 21:22 | Create | Archer |
| 21:22 | Create | Archer |
Match timeline
| 4:49 | Kickerous · wall_segment Palisade Wall x1 |
| 6:51 | Kickerous · first_building Barracks |
| 7:29 | Matzeking · first_building Barracks |
| 7:47 | WalterWhite · first_building Barracks |
| 8:20 | Sac a dos · first_building Barracks |
| 8:24 | Hugo4774 · first_building Barracks |
| 8:29 | Matzeking · wall_segment Palisade Wall x1 |
| 8:30 | [AHOU] Zantorix · first_building Barracks |
| 8:35 | guarnere44 · first_building Barracks |
| 8:38 | JessePinkman · first_building Barracks |
| 8:43 | Matzeking · age_up feudal |
| 8:46 | Matzeking · first_building Stable |
| 9:09 | Sac a dos · age_up feudal |
| 9:11 | Sac a dos · first_building Stable |
| 9:23 | WalterWhite · age_up feudal |
| 9:23 | Kickerous · wall_segment Palisade Wall x1 |
| 9:25 | Kickerous · wall_segment Palisade Wall x1 |
| 9:26 | guarnere44 · age_up feudal |
| 9:27 | Kickerous · wall_segment Palisade Wall x1 |
| 9:28 | WalterWhite · first_building Archery Range |
| 9:30 | Hugo4774 · age_up feudal |
| 9:30 | JessePinkman · age_up feudal |
| 9:32 | [AHOU] Zantorix · age_up feudal |
| 9:34 | Hugo4774 · first_building Stable |
| 9:34 | [AHOU] Zantorix · first_building Archery Range |
| 9:35 | JessePinkman · first_building Stable |
| 9:37 | guarnere44 · first_building Archery Range |
| 9:37 | Hugo4774 · wall_segment Palisade Wall x1 |
| 9:48 | WalterWhite · wall_segment Palisade Wall x1 |
| 10:13 | Kickerous · age_up feudal |
| 10:43 | Kickerous · first_building Archery Range |
| 10:46 | [AHOU] Zantorix · wall_segment Palisade Wall x1 |
| 10:51 | [AHOU] Zantorix · wall_segment Palisade Wall x1 |
| 10:52 | guarnere44 · wall_segment Palisade Wall x9 |
| 10:53 | [AHOU] Zantorix · wall_segment Palisade Wall x1 |
| 11:14 | guarnere44 · wall_segment Palisade Wall x1 |
| 11:16 | guarnere44 · wall_segment Palisade Wall x3 |
| 11:25 | Matzeking · wall_segment Palisade Wall x8 |
| 11:31 | Matzeking · wall_segment Palisade Wall x14 |
| 11:55 | JessePinkman · wall_segment Palisade Wall x7 |
| 11:56 | JessePinkman · wall_segment Palisade Wall x1 |
| 12:01 | JessePinkman · wall_segment Palisade Wall x7 |
| 12:21 | [AHOU] Zantorix · wall_segment Palisade Wall x1 |
| 12:23 | [AHOU] Zantorix · wall_segment Palisade Wall x1 |
| 12:42 | Matzeking · wall_segment Palisade Wall x11 |
| 13:29 | Kickerous · wall_segment Palisade Wall x6 |
| 13:29 | Kickerous · wall_segment Palisade Wall x3 |
| 13:48 | WalterWhite · wall_segment Palisade Wall x8 |
| 14:37 | WalterWhite · wall_segment Palisade Wall x1 |
| 14:40 | JessePinkman · wall_segment Palisade Wall x8 |
| 14:41 | Matzeking · wall_segment Palisade Wall x8 |
| 14:42 | WalterWhite · wall_segment Palisade Wall x11 |
| 14:52 | JessePinkman · wall_segment Palisade Wall x10 |
| 15:09 | Kickerous · wall_segment Palisade Wall x14 |
| 15:09 | [AHOU] Zantorix · wall_segment Palisade Wall x2 |
| 15:24 | Kickerous · wall_segment Palisade Wall x23 |
| 15:54 | [AHOU] Zantorix · wall_segment Palisade Wall x8 |
| 15:55 | JessePinkman · wall_segment Palisade Wall x10 |
| 16:14 | [AHOU] Zantorix · wall_segment Palisade Wall x2 |
| 16:26 | guarnere44 · wall_segment Palisade Wall x2 |
| 16:30 | guarnere44 · wall_segment Palisade Wall x2 |
| 16:52 | WalterWhite · wall_segment Palisade Wall x7 |
| 17:21 | guarnere44 · wall_segment Palisade Wall x1 |
| 18:07 | Kickerous · wall_segment Palisade Wall x1 |
| 18:08 | Kickerous · wall_segment Palisade Wall x1 |
| 18:15 | [AHOU] Zantorix · wall_segment Palisade Wall x2 |
| 18:39 | Matzeking · wall_segment Palisade Wall x1 |
| 19:35 | [AHOU] Zantorix · wall_segment Palisade Wall x7 |
| 19:45 | WalterWhite · wall_segment Palisade Wall x11 |
| 19:52 | Matzeking · wall_segment Palisade Wall x1 |
| 19:53 | Matzeking · wall_segment Palisade Wall x1 |
| 20:00 | WalterWhite · wall_segment Palisade Wall x6 |
| 20:33 | JessePinkman · wall_segment Palisade Wall x6 |
| 21:07 | JessePinkman · wall_segment Palisade Wall x1 |
| 21:20 | Matzeking · age_up castle |
| 21:46 | Kickerous · resign |
| 21:54 | [AHOU] Zantorix · first_market_buy 100 food |
| 21:57 | [AHOU] Zantorix · first_market_sell 100 wood |
| 22:19 | [AHOU] Zantorix · wall_segment Palisade Wall x1 |
| 22:25 | Hugo4774 · first_market_sell 100 wood |
| 22:27 | [AHOU] Zantorix · wall_segment Palisade Wall x1 |
| 22:29 | [AHOU] Zantorix · wall_segment Palisade Wall x1 |
| 22:53 | [AHOU] Zantorix · wall_segment Palisade Wall x1 |
| 23:15 | [AHOU] Zantorix · wall_segment Palisade Wall x1 |
| 23:17 | [AHOU] Zantorix · wall_segment Palisade Wall x1 |
| 23:17 | guarnere44 · wall_segment Palisade Wall x9 |
| 23:17 | Hugo4774 · first_market_buy 100 food |
| 23:19 | [AHOU] Zantorix · wall_segment Palisade Wall x2 |
| 23:22 | [AHOU] Zantorix · wall_segment Palisade Wall x3 |
| 23:47 | [AHOU] Zantorix · wall_segment Palisade Wall x1 |
| 23:52 | [AHOU] Zantorix · wall_segment Palisade Wall x4 |
| 24:10 | Sac a dos · wall_segment Palisade Wall x1 |
| 24:53 | [AHOU] Zantorix · age_up castle |
| 25:39 | guarnere44 · age_up castle |
| 26:19 | Hugo4774 · age_up castle |
| 26:36 | Sac a dos · age_up castle |
| 26:57 | Hugo4774 · wall_segment Palisade Wall x1 |
| 26:57 | Hugo4774 · wall_segment Palisade Wall x1 |
| 26:59 | Hugo4774 · wall_segment Palisade Wall x1 |
| 28:18 | Sac a dos · first_building Monastery |
| 29:22 | Hugo4774 · wall_segment Palisade Wall x21 |
| 29:31 | Hugo4774 · wall_segment Palisade Wall x10 |
| 29:39 | Hugo4774 · wall_segment Palisade Wall x4 |
| 29:46 | Hugo4774 · wall_segment Palisade Wall x15 |
[ AI ANALYSIS · 1 CREDIT ]
What really happened in this match?
Wolo.gg analyzes every decision: build order, eco, micro, common mistakes by bracket. Personalized analysis on WhatsApp or Discord in 30 seconds.
Civ guide
Magyars
Perfil
Jugador #22393748